AoeStats
← EMPEROR98265292

Arena

510092615Analyzed
2v2 RM · 4d ago on Sep 29, 2026· 46m 31s· 4 players
Game mode
Random Map
Map size
Medium (4 player)
Population
200
Speed
Normal
Resources
Standard
Victory
Conquest
Starting age
Dark Age
Ending age
Imperial Age
RankedLock teamsTeams togetherTeam positionsShared explorationLock speedFull tech treeHidden civsTurbo modeCheats
Victory
Defeat
🇮🇳 Danes · India
1534
+8
🇮🇳 Saxons · India
1340
+14
🇨🇴 Ethiopians · Colombia
1335
-11
🇫🇷 Britons · France
1327
-26
Mandrianus
9:41 Feudal Age
13:42 Castle Age
11:52 Double-Bit Axe
12:14 Horse Collar
14:55 Bow Saw
19:35 Gold Mining
20:01 Loom
21:01 Wheelbarrow
21:28 Heavy Plow
21:21 Stone Mining
21:42 Fletching
21:56 Town Watch
22:13 Crossbowman
24:10 Padded Archer Armor
29:22 Imperial Age
27:18 Ballistics
27:05 Bodkin Arrow
27:59 Masonry
28:07 Leather Archer Armor
28:36 Gold Shaft Mining
29:06 Hand Cart
30:07 Bracer
31:10 Chemistry
31:26 Architecture
30:54 Arbalester
33:57 Two-Man Saw
33:30 Yeomen
33:35 Man-at-Arms
34:56 Ring Archer Armor
34:54 Man-at-Arms
35:35 Squires
35:38 Scale Mail Armor
36:21 Guilds
TRYHC_WRYPIG
10:19 Feudal Age
14:01 Castle Age
12:17 Double-Bit Axe
12:13 Horse Collar
15:11 Bow Saw
18:12 Loom
18:36 Fletching
25:43 Crossbowman
27:19 Scale Barding Armor
27:59 Forging
30:20 Bodkin Arrow
31:21 Wheelbarrow
30:45 Town Watch
31:24 Ballistics
32:34 Gold Mining
33:11 Chain Barding Armor
36:20 Imperial Age
34:13 Padded Archer Armor
35:14 Hand Cart
34:56 Stone Mining
35:27 Husbandry
35:33 Thumb Ring
36:10 Leather Archer Armor
36:31 Iron Casting
36:23 Arbalester
38:05 Chemistry
37:14 Bracer
38:43 Fortified Wall
39:21 Scale Mail Armor
40:23 Chain Mail Armor
42:12 Plate Mail Armor
42:12 Ring Archer Armor
41:50 Elite Shotel Warrior
42:51 Conscription
43:30 Iron Casting
EMPEROR98265292
10:23 Feudal Age
11:50 Double-Bit Axe
14:56 Castle Age
16:02 Bow Saw
19:02 Wheelbarrow
20:27 Loom
21:40 Hand Cart
22:17 Gold Mining
23:36 Stone Mining
24:22 Gold Shaft Mining
28:24 Imperial Age
27:10 Stone Shaft Mining
26:53 Scale Mail Armor
27:09 Forging
27:21 Squires
27:10 Gambesons
28:17 Chain Mail Armor
29:34 Iron Casting
29:40 Arson
30:26 Plate Mail Armor
29:36 Hamask
30:37 Conscription
29:56 Elite Varangian Guard
30:06 Capped Ram
32:26 Chemistry
32:54 Siege Ram
41:01 Blast Furnace
41:59 Coinage
41:30 Caravan
45:13 Masonry
45:35 Fletching
46:22 Bodkin Arrow
23
10:04 Feudal Age
13:32 Castle Age
11:57 Double-Bit Axe
12:47 Stone Mining
12:57 Horse Collar
14:44 Loom
29:01 Imperial Age
27:07 Gold Mining
27:48 Scale Mail Armor
30:02 Chain Mail Armor
32:38 Conscription
32:25 Squires
32:56 Plate Mail Armor
35:39 Wheelbarrow
34:57 Fletching
34:49 Pikeman
35:44 Forging
37:16 Iron Casting
37:27 Hand Cart
36:58 Town Watch
38:50 Bow Saw
38:40 Heavy Plow
39:16 Arson
38:58 Elite Hearth Troop
39:33 Shield Wall
41:42 Two-Man Saw
43:20 Capped Ram
44:16 Siege Ram
Connection lost

Rejoining the realm…

Still unreachable

The connection could not be restored.

Session expired

The server has moved on; the page needs a fresh start.